 Dungeon Crawl Stone Soup version 0.29.1-2-gbd0b4ee654 (webtiles) character file.

Game seed: 7782762266198858153

21 Nerdsrcool the Caller (level 2, -3/20 HPs)
             Began as a Minotaur Summoner on Oct 25, 2022.
             Slain by a kobold
             ... wielding a +0 dagger
              (4 damage)
             ... on level 1 of the Dungeon.
             The game lasted 00:06:02 (1210 turns).

Nerdsrcool the Caller (Minotaur Summoner)           Turns: 1210, Time: 00:06:03

Health: -3/20      AC:  2    Str: 12    XL:     2   Next: 62%
Magic:  1/3        EV: 12    Int: 12    God:
Gold:   47         SH:  0    Dex: 10    Spells: 2/3 levels left

rFire   . . .      SeeInvis .   f - +0 club
rCold   . . .      Faith    .   (no shield)
rNeg    . . .      Spirit   .   a - +0 robe
rPois   .          Reflect  .   (helmet restricted)
rElec   .          Harm     .   (no cloak)
rCorr   .          Rampage  .   (no gloves)
Will    .....                   (no boots)
Stlth   ++........              (no amulet)
HPRegen 0.06/turn               (no ring)
MPRegen 0.08/turn               (no ring)

@: no status effects
A: horns 2, retaliatory headbutt
a: no special abilities


You were on level 1 of the Dungeon.
You visited 1 branch of the dungeon, and saw 1 of its levels.

You collected 47 gold pieces.

Inventory:

Hand Weapons
 e - a +0 short sword
 f - a +0 club (weapon)
Missiles
 d - 9 stones
Armour
 a - a +0 robe (worn)
 j - a +0 chain mail
Scrolls
 c - a scroll of identify {unknown}
 g - a scroll of teleportation {unknown}
 i - a scroll of enchant weapon {unknown}
 k - a scroll of immolation {unknown}
Potions
 b - a potion of magic
 h - 2 potions of flight {unknown}


   Skills:
 + Level 0.2 Fighting
 + Level 2.3 Dodging
 + Level 1.9 Stealth
 + Level 1.4 Spellcasting
 + Level 3.3 Summonings


You had 2 spell levels left.
You knew the following spells:

 Your Spells              Type           Power      Damage    Failure   Level
a - Summon Small Mammal   Summ           32%        N/A       8%          1

Your spell library contained the following spells:

 Spells                   Type           Power      Damage    Failure   Level
 Call Imp                 Summ           8%         N/A       11%         2
 Apportation              Tloc           0%         N/A       28%         1
 Necrotise                Necr           0%         1d4       28%         1
 Call Canine Familiar     Summ           8%         N/A       22%         3
 Summon Guardian Golem    Hex/Summ       4%         N/A       41%         3
 Summon Lightning Spire   Summ/Air       4%         N/A       82%         4


Dungeon Overview and Level Annotations

Branches:
Dungeon (1/15)

Altars:


Innate Abilities, Weirdness & Mutations

You have a pair of horns on your head.
You reflexively headbutt those who attack you in melee.


Message History

Your bat hits the rat but does no damage.
The kobold throws a stone.
The stone closely misses your rat. The stone closely misses you.
The stone barely misses the rat.
The rat closely misses your bat. The endoplasm freezes you.
You are frozen.
Your magical contamination has completely faded away.
You hit the endoplasm.
You kill the endoplasm!
Your bat closely misses the rat.
Your bat barely misses the rat.
Your rat misses the kobold. The rat bites your bat.
The kobold throws a stone.
The stone barely misses your rat. The stone misses you.
The stone barely misses the rat.
Your rat barely misses the kobold.
You catch the helpless rat completely off-guard!
You hit the rat.
You kill the rat!
The kobold throws a stone.
The stone hits your rat.
Your rat dies!
Your rat's corpse disappears in a puff of smoke!
Your bat barely misses the kobold.
The kobold throws a stone.
The stone barely misses your bat. The stone misses you.
You swap places.
The kobold hits you with a +0 dagger.
You are too injured to fight recklessly!
You are too injured to fight recklessly!
You are too injured to fight recklessly!
You are too injured to fight recklessly!
You are too injured to fight recklessly!
You are too injured to fight recklessly!
You are too injured to fight recklessly!
You barely miss the kobold. The kobold closely misses you.
The kobold hits you but does no damage. The endoplasm closely misses your bat.
You hit the kobold.
The kobold is severely wounded.
The kobold hits you with a +0 dagger.
* * * LOW HITPOINT WARNING * * *
The endoplasm misses your bat.
You closely miss the kobold.
The kobold is severely wounded.
The endoplasm closely misses your bat. The kobold hits you with a +0 dagger.
You die...

###..# .....# ###..#
###..# ##### .....# ###...
.##.## ....### .
.##.###.### ##.... ...
##.........##..K#####.....
#.#######......@bJ....#
#.###.######...##.†.....#
#.##.#........###.##.##.#
#.###.######..# #.# #
#.....# #..# #.# #######
#....... ########


You could see an endoplasm, a kobold (strong, ally target) and a friendly bat
(summoned).

Vanquished Creatures
  2 ball pythons (D:1)
  An endoplasm (D:1)
  A giant cockroach (D:1)
  2 hobgoblins (D:1)
  2 jackals (D:1)
  A quokka (D:1)
  2 goblins (D:1)
  A kobold (D:1)
  2 rats (D:1)
14 creatures vanquished.

Vanquished Creatures (collateral kills)
  A ball python (D:1)
  2 jackals (D:1)
  A frilled lizard (D:1)
4 creatures vanquished.

Vanquished Creatures (others)
  3 fungi (D:1)
  4 plants (D:1)
7 creatures vanquished.

Grand Total: 25 creatures vanquished

Notes
Turn   | Place    | Note
-------+----------+-------------------------------------------
     0 | D:1      | Nerdsrcool the Minotaur Summoner began the quest for the
                  | Orb.
     0 | D:1      | Reached XP level 1. HP: 14/14 MP: 1/1
   109 | D:1      | Reached skill level 3 in Summonings
   625 | D:1      | Reached XP level 2. HP: 14/20 MP: 0/3
   854 | D:1      | Found a faded altar of an unknown god.
  1209 | D:1      | HP: 1/20 [kobold/+0 dagger (6)]
  1210 | D:1      | Slain by a kobold

Illustrated notes

Levels and vault maps discovered:
D:1:      matt_arrival_los_fun, layout_loops_ring,
          shapermc_ecumenical_altar_mp_urbaneastern

Skill      XL: |  1 |
---------------+----+-----
Summonings     | 3 |  3.3
Fighting       | |  0.2
Dodging        | |  2.3
Stealth        | |  1.9
Spellcasting   | |  1.4

Action                   || total
-------------------------++-------
Melee: Short sword       ||    12
       Unarmed           ||    12
       Club              ||    48
       Headbutt          ||    13
       Punch             ||     1
 Cast: Summon Small Mamm ||    17
 Stab: Distracted        ||     1
Armor: Robe              ||     8
Dodge: Dodged            ||    49
